 Dungeon Crawl Stone Soup version 0.31-a0-1338-gb567cfdca4 (webtiles) character file.

Game seed: 8327841301050061788

275 bmb222 the Trooper (level 6, -2/65 HPs)
             Began as an Oni Gladiator on Dec 22, 2023.
             Slain by a gnoll
             ... wielding a +0 spear
             ... led by a gnoll bouda
              (3 damage)
             ... on level 4 of the Dungeon.
             The game lasted 00:03:05 (3394 turns).

bmb222 the Trooper (Oni Gladiator)                  Turns: 3394, Time: 00:03:06

Health: -2/65      AC:  4    Str: 20    XL:     6   Next: 24%
Magic:  6/6        EV: 10    Int: 13    God:
Gold:   45         SH:  0    Dex:  9    Spells: 5/5 levels left

rFire   + . .        x - +0 flail (venom)
rCold   . . .        (no shield)
rNeg    + . .        s - +1 robe
rPois   .            c - +0 hat
rElec   .            (no cloak)
rCorr   .            (gloves unavailable)
SInv    .            (boots unavailable)
Will    +....        (no amulet)
Stlth   +            h - ring of protection from fire
HPRegen 0.30/turn    j - ring of positive energy
MPRegen 0.10/turn

%: no passive effects
@: on berserk cooldown, slowed, very slow
A: drunken brawling, large, unfitting armour, horns 1, tough skin 1, double
potion healing, clever 1, strong-willed 1, MP-powered wands
a: no special abilities


You were on level 4 of the Dungeon.
You visited 1 branch of the dungeon, and saw 4 of its levels.

You collected 141 gold pieces.
You spent 96 gold pieces at shops.

Inventory:

Hand Weapons
 a - a +0 flail
 m - a +0 club
 u - a +0 heavy flail
 x - a +0 flail of venom (weapon)
Missiles
 d - 3 throwing nets (quivered)
 e - a large rock
 v - 7 poisoned darts
Armour
 b - a +0 robe
 c - a +0 hat (worn)
 s - a +1 robe (worn)
Jewellery
 h - a ring of protection from fire (left hand)
 j - a ring of positive energy (right hand)
 y - an amulet of the acrobat
Scrolls
 f - 4 scrolls of identify {unknown}
 g - a scroll of enchant armour {unknown}
 i - a scroll of vulnerability {unknown}
 n - a scroll of fog {unknown}
 w - a scroll of teleportation {unknown}
Potions
 k - a potion of resistance {unknown}
 l - a potion of enlightenment {unknown}
 o - a potion of berserk rage
 p - a potion of heal wounds {unknown}
 q - a potion of brilliance {unknown}
 r - a potion of cancellation {unknown}
 t - a potion of mutation


   Skills:
 + Level 4.8 Fighting
 + Level 4.2 Maces & Flails
 + Level 3.4 Throwing
 + Level 3.8 Dodging


You had 5 spell levels left.
You didn't know any spells.
Your spell library contained the following spells:

 Spells                   Type           Power      Damage    Failure   Level
 Lesser Beckoning         Tloc           0%         N/A       43%         2
 Fugue of the Fallen      Necr           0%         N/A       67%         3
 Gell's Gravitas          Tloc           0%         N/A       67%         3
 Ozocubu's Armour         Ice            0%         N/A       67%         3
 Teleport Other           Tloc           0%         N/A       67%         3
 Manifold Assault         Tloc           0%         N/A       97%         4


Dungeon Overview and Level Annotations

Branches:
Dungeon (4/15)
 Temple: D:4-7

Altars:

Shops:
D:1 [*=


Innate Abilities, Weirdness & Mutations

Whenever you drink a potion that restores your health or magic, you attack all enemies around you.
You are too large for most types of armour.
You have a pair of small horns on your head.
You have tough skin. (AC +1)
Whenever you drink a potion that restores your health or magic, it restores twice as much.
Your mind is acute. (Int +4, Str/Dex -1)
You are strong-willed. (Will+)
You expend magic power (3 MP) to strengthen your wands.


Message History

It was a potion of berserk rage.
A red film seems to cover your vision as you go berserk!
You feel yourself moving faster!
You feel mighty! The gnoll barely misses you.
The gnoll hits you from afar with a +0 spear.
* * * LOW HITPOINT WARNING * * *
The gnoll hits you with a +0 flail.
* * * LOW HITPOINT WARNING * * *
The dart slug closely misses you.
You feel a strong urge to attack something.
The gnoll attacks as it pursues you! The gnoll barely misses you.
You sock the gnoll!
You kill the gnoll!
The gnoll hits you with a +0 club.
* * * LOW HITPOINT WARNING * * *
You barely miss the gnoll. Your headbutt misses the gnoll.
The gnoll is no longer moving quickly.
The gnoll hits you with a +0 club.
* * * LOW HITPOINT WARNING * * *
You bludgeon the gnoll!!
You kill the gnoll!
The gnoll closely misses you.
Unknown command.
You bludgeon the dart slug!!
You kill the dart slug!
The gnoll barely misses you.
The door flies open with a bang!
You feel a strong urge to attack something.
You barely miss the gnoll. The gnoll barely misses you.
You closely miss the gnoll. The gnoll hits you with a +0 spear.
* * * LOW HITPOINT WARNING * * *
You barely miss the gnoll.
You are no longer berserk.
You are exhausted.
You feel yourself slow down.
Unknown command.
You hit the gnoll.
The gnoll is poisoned.
The gnoll is moderately wounded.
The gnoll hits you with a +0 spear.
* * * LOW HITPOINT WARNING * * *
The gnoll hits you with a +0 spear.
You die...

######....# #.# #.#w.
##.........# #.# #.#.# .
...........# #.# #.#.# ...
........#+## #.# #.#.##....
........#.#####.###.........
........#.............##....
###.###..........#..........
#.# ######....)g.....?....
..... #....@#..........
..###. #.....#.....!....
....### #..#'##.†.......#
.##.# #..#. #......#..#
.##.# ........>.....# .#
.##.# .###.#.##......."
.##.#####.# #.#. #.#+#'#...
..........# # #. #. .#...#
.##..###..# #. #. .# ...


You could see a gnoll (very poisoned).

Vanquished Creatures
  A hound (D:4)
  A gnoll bouda (D:4)
  3 orc priests (D:4)
  2 adders (D:2)
  2 gnolls (D:4)
  3 worms (D:2)
  2 dart slugs
  7 orcs
  2 bats
  4 endoplasms
  3 giant cockroaches
  9 goblins
  4 hobgoblins
  4 jackals (D:1)
  2 kobolds (D:1)
  2 quokkas
  7 ball pythons
  11 frilled lizards
  6 rats
75 creatures vanquished.

Notes
Turn   | Place    | Note
-------+----------+-------------------------------------------
     0 | D:1      | bmb222 the Oni Gladiator began the quest for the Orb.
     0 | D:1      | Reached XP level 1. HP: 22/22 MP: 1/1
    58 | D:1      | Reached XP level 2. HP: 30/31 MP: 2/2
   154 | D:1      | Found Asuoch's Antique Armour Boutique.
   428 | D:1      | Found Zaskian's Assorted Antiques.
   508 | D:1      | Found Miefac's Jewellery Shoppe.
   561 | D:1      | Reached XP level 3. HP: 37/37 MP: 3/3
  1492 | D:2      | Reached XP level 4. HP: 48/48 MP: 4/4
  2291 | D:1      | Bought a glowing robe for 96 gold pieces
  3261 | D:4      | Reached XP level 5. HP: 43/54 MP: 5/5
  3372 | D:4      | Reached XP level 6. HP: 44/63 MP: 6/6
  3381 | D:4      | Gained mutation: You are strong-willed. (Will+) [potion of
                  | mutation]
  3381 | D:4      | Gained mutation: You expend magic power (3 MP) to
                  | strengthen your wands. [potion of mutation]
  3381 | D:4      | Gained mutation: Your mind is acute. (Int +4, Str/Dex -1)
                  | [potion of mutation]
  3385 | D:4      | HP: 4/94 [gnoll/+0 club[a gnoll bouda] (4)]
  3392 | D:4      | HP: 2/97 [gnoll/+0 spear[a gnoll bouda] (4)]
  3394 | D:4      | Slain by a gnoll

Illustrated notes

Levels and vault maps discovered:
D:1:      minmay_arrival_diagonal_passages, layout_basic, serial_shops, shop,
          nicolae_shop_real_fake_doors, shop, shop
D:2:      layout_loops_corners, grunt_ministairs_1, minmay_liquid_box,
          minmay_lizard_king
D:3:      layout_basic
D:4:      layout_basic, kennysheep_generic_room_3

Skill      XL: |  1  2  3  4  5 |
---------------+----------------+-----
Fighting       | 3 4 |  4.8
Dodging        | 3 |  3.8
Throwing       | 3 |  3.4
Maces & Flails | 4 |  4.2

Action                     |  1- 3 |  4- 6 || total
---------------------------+-------+-------++-------
  Melee: Flail             |    80 |   112 ||   192
         Headbutt          |     7 |    18 ||    25
         Punch             |       |     1 ||     1
    Use: Potion            |       |     6 ||     6
 Armour: Robe              |    56 |    88 ||   144
  Dodge: Dodged            |    52 |    65 ||   117

Table legend: (Time is in decaauts)
 A = Elapsed time spent in this place.
 B = Non-inter-level travel time spent in this place.
 C = Inter-level travel time spent in this place.
 D = Time resting spent in this place.
 E = Time spent auto-exploring this place.
 F = Levels seen in this place.
 G = Mean time per level.
                   A        B        C        D        E       F      G
               +--------+--------+--------+--------+--------+-----+--------+
         Total |   3450 |   3261 |    189 |     45 |   2704 |   4 |  862.5 |
       Dungeon |   3450 |   3261 |    189 |     45 |   2704 |   4 |  862.5 |
               +--------+--------+--------+--------+--------+-----+--------+

Top non-repeatable levels by time:
     D:2: 1296 daAuts
     D:1: 951 daAuts
     D:3: 919 daAuts
     D:4: 283 daAuts
